 Dungeon Crawl Stone Soup version 0.28-a0-1518-gbe868bca14 (webtiles) character file.

Game seed: 13596517680279939046

527 Nattfarinn the Skirmisher (level 7, 4/55 HPs)
             Began as a Djinni Wanderer on Jan 17, 2022.
             Quit the game on level 5 of the Dungeon.
             The game lasted 00:09:28 (7479 turns).

Nattfarinn the Skirmisher (Djinni Wanderer)         Turns: 7479, Time: 00:09:28

Health: 4/55       AC:  5    Str: 14    XL:     7   Next: 47%
Gold:   163        EV: 11    Int: 16    God:
                   SH:  0    Dex:  9

rFire   + + .      SeeInvis .   a - +0 spear
rCold   x . .      Faith    .   (no shield)
rNeg    . . .      Spirit   .   c - +0 robe
rPois   ∞          Reflect  .   (no helmet)
rElec   .          Harm     .   b - +2 cloak
rCorr   .          Rampage  .   (no gloves)
Will    .....                   (boots unavailable)
Stlth   ++........              (no amulet)
HPRegen 0.18/turn               (no ring)
MPRegen 0.00/turn               (no ring)

@: flying
A: sickness immunity, fire resistance 2, cold vulnerability 1, float, innate
caster, hp casting, extra vitality 1
a: no special abilities


You were on level 5 of the Dungeon.
You visited 1 branch of the dungeon, and saw 5 of its levels.

You collected 180 gold pieces.
You spent 17 gold pieces at shops.

Inventory:

Hand Weapons
 a - a +0 spear (weapon)
Armour
 b - a +2 cloak (worn)
 c - a +0 robe (worn)
Magical Staves
 l - a staff of air
Scrolls
 d - a scroll of magic mapping
 m - 2 scrolls of enchant weapon
Potions
 e - 2 potions of flight
 g - 2 potions of cancellation
 j - 2 potions of heal wounds
 k - a potion of invisibility {unknown}
 n - 2 potions of degeneration
 o - a potion of lignification {unknown}
 p - a potion of might {unknown}
 q - a potion of resistance {unknown}
 r - 2 potions of haste


   Skills:
 * Level 5.9 Fighting
 - Level 1.0 Polearms
 - Level 4.1 Stealth
 + Level 4.0 Spellcasting


You had 2 spell levels left.
You knew the following spells:

 Your Spells              Type           Power      Damage    Failure   Level
a - Magic Dart            Conj           64%        1d6       3%          1
b - Static Discharge      Conj/Air       16%        N/A       4%          2
c - Conjure Flame         Conj/Fire      16%        6-21      10%         3
d - Pain                  Necr           64%        1d7       3%          1
e - Call Imp              Summ           16%        N/A       4%          2
f - Portal Projectile     Hex/Tloc       32%        N/A       10%         3

Your spell library contained the following spells:

 Spells                   Type           Power      Damage    Failure   Level


Dungeon Overview and Level Annotations

Branches:
Dungeon (5/15)
 Temple: D:4-7

Altars:
Cheibriados


Innate Abilities, Weirdness & Mutations

You are immune to sickness and miasma.
You are immune to poison.
Your flesh is very heat resistant. (rF++)
You are vulnerable to cold. (rC-)
You float through the air rather than walking.
You learn spells naturally, not from books.
Your magical power is your life essence.
You have superior vitality. (+4 MHP)


Message History

The centaur zombie hits you. The centaur zombie kicks you.
The centaur zombie hits you. The centaur zombie misses you.
Casting: Magic Dart (safe; 3% risk of failure)
Confirm with . or Enter, or press ? or * to list all spells.
The centaur zombie is struck by an arc of lightning!
The centaur zombie is heavily damaged.
You are struck by an arc of lightning.
The lightning grounds out.
Casting: Static Discharge (safe; 4% risk of failure)
Confirm with . or Enter, or press ? or * to list all spells.
The ogre is struck by an arc of lightning.
The ogre is lightly wounded.
You are struck by an arc of lightning.
The lightning grounds out.
Casting: Static Discharge (safe; 4% risk of failure)
Confirm with . or Enter, or press ? or * to list all spells.
The ogre is struck by an arc of lightning.
The ogre is moderately wounded.
The lightning grounds out.
The ogre hits you with a +0 giant club!
Casting: Static Discharge (safe; 4% risk of failure)
Confirm with . or Enter, or press ? or * to list all spells.
The ogre is struck by an arc of lightning.
The ogre is heavily wounded.
You are struck by an arc of lightning.
* * * LOW HITPOINT WARNING * * *
The lightning grounds out.
* * * LOW HITPOINT WARNING * * *
The ogre hits you with a +0 giant club!
* * * LOW HITPOINT WARNING * * *
You see here 5 poisoned darts.
You aren't carrying any items that you can evoke.
Okay, then.
The centaur zombie barely misses you.
The centaur zombie completely misses you.
The centaur zombie hits you but does no damage.
The centaur zombie kicks you but does no damage.
The centaur zombie hits you but does no damage.
The centaur zombie kicks you but does no damage.
The centaur zombie hits you.
* * * LOW HITPOINT WARNING * * *
The centaur zombie misses you.
Are you sure you want to abandon this character and quit the game? (Confirm with "yes".)

#...#...#.####
#.(...............
......###.#
#.#########.......
#.....# #.# #.# .......
#.....###.### #.#
....... #.#.#...)...#
#.# .......
#.#.#.......# #.#
....... ............#
#O# .###.##
............# #Z# .# .#
............# #@#
.......###### #.#
.......#########.#######
.......##..............#
#.#.....#.#####.######.#
#.#####.#.# #.# #.# #.#
#.#.# #.# #.# #.# #.#.#
#.# #.# #.# #.#.#
#.######.#


You could see an ogre and a centaur zombie.

Vanquished Creatures
  A bullfrog (D:5)
  A water moccasin skeleton (D:4)
  A bullfrog zombie (D:5)
  A jelly (D:5)
  A hound (D:5)
  Jessica (D:3)
  An iguana (D:4)
  Natasha (thrice) (D:2)
  A killer bee zombie (D:3)
  2 hound skeletons
  6 adders
  2 worms
  6 dart slugs
  3 orcs
  5 ball pythons
  A bat (D:1)
  10 endoplasms
  2 giant cockroaches
  6 hobgoblins
  7 jackals (D:4)
  2 quokkas
  2 frilled lizards
  8 goblins
  7 kobolds
  11 rats
91 creatures vanquished.

Notes
Turn   | Place    | Note
-------+----------+-------------------------------------------
     0 | D:1      | Nattfarinn the Djinni Wanderer began the quest for the Orb.
     0 | D:1      | Reached XP level 1. HP: 15/15 MP: 0/0
   378 | D:1      | Reached XP level 2. HP: 21/22 MP: 0/0
   404 | D:1      | Reached skill level 1 in Fighting
  1254 | D:1      | Reached XP level 3. HP: 25/28 MP: 0/0
  1254 | D:1      | Learned a level 1 spell: Pain
  1623 | D:2      | Reached skill level 2 in Fighting
  2241 | D:2      | Reached XP level 4. HP: 31/34 MP: 0/0
  2643 | D:2      | Reached skill level 3 in Fighting
  2941 | D:2      | Noticed Natasha
  2949 | D:2      | Killed Natasha
  2950 | D:2      | Reached XP level 5. HP: 24/40 MP: 0/0
  2950 | D:2      | Learned a level 2 spell: Call Imp
  3198 | D:2      | Noticed Natasha
  3204 | D:2      | Killed Natasha
  3597 | D:2      | Noticed Natasha
  3603 | D:2      | Killed Natasha
  3855 | D:3      | Reached skill level 4 in Fighting
  4423 | D:3      | Noticed Jessica
  4435 | D:3      | Killed Jessica
  4436 | D:3      | Reached XP level 6. HP: 19/47 MP: 0/0
  5170 | D:4      | Found Kileir's CLEARANCE SALE!.
  5175 | D:4      | Bought 2 potions of degeneration for 6 gold pieces
  5175 | D:4      | Bought 18 stones for 5 gold pieces
  5175 | D:4      | Bought a scroll of identify for 6 gold pieces
  5903 | D:4      | Reached skill level 5 in Fighting
  6540 | D:5      | Entered Level 5 of the Dungeon
  6547 | D:5      | Reached XP level 7. HP: 43/54 MP: 0/0
  6547 | D:5      | Learned a level 3 spell: Portal Projectile
  6915 | D:5      | Found a snail-covered altar of Cheibriados.
  6915 | D:5      | Noticed a torpor snail
  6917 | D:5      | Noticed a torpor snail
  6918 | D:5      | Noticed a torpor snail
  7479 | D:5      | Quit the game

Illustrated notes

Levels and vault maps discovered:
D:1:      eino_arrival_water_star, layout_basic
D:2:      layout_basic, minivault_5, uniq_natasha
D:3:      layout_basic, minmay_close_crescents, uniq_jessica
D:4:      layout_loops_cross, eino_small_chamber_without_monster,
          nicolae_shop_clearance
D:5:      layout_basic, cheibriados_altar_2, minmay_temple_entry_proselytizer,
          serial_shops, shop

Skill      XL: |  1  2  3  4  5  6  7 |
---------------+----------------------+-----
Fighting       | 1 2 3 4 5 |  5.9
Spellcasting   | 3 4 |  4.0
Polearms       | |  1.0
Stealth        | |  4.1

Action                   |  1- 3 |  4- 6 |  7- 9 || total
-------------------------+-------+-------+-------++-------
Melee: Spear             |     1 |       |     8 ||     9
 Cast: Magic Dart        |    96 |   158 |    27 ||   281
       Static Discharge  |     1 |    36 |     8 ||    45
       Conjure Flame     |       |       |     3 ||     3
       Call Imp          |       |       |     3 ||     3
  Use: Scroll            |     1 |       |    11 ||    12
Armor: Robe              |     2 |     5 |    16 ||    23
Dodge: Dodged            |    11 |    19 |    23 ||    53

Table legend: (Time is in decaauts)
 A = Elapsed time spent in this place.
 B = Non-inter-level travel time spent in this place.
 C = Inter-level travel time spent in this place.
 D = Time resting spent in this place.
 E = Time spent auto-exploring this place.
 F = Levels seen in this place.
 G = Mean time per level.
                   A        B        C        D        E       F      G
               +--------+--------+--------+--------+--------+-----+--------+
         Total |   7479 |   7222 |    257 |    879 |   5668 |   5 | 1495.8 |
       Dungeon |   7479 |   7222 |    257 |    879 |   5668 |   5 | 1495.8 |
               +--------+--------+--------+--------+--------+-----+--------+

Top non-repeatable levels by time:
     D:2: 2268 daAuts
     D:4: 1618 daAuts
     D:1: 1553 daAuts
     D:3: 1347 daAuts
     D:5: 691 daAuts
